 Dungeon Crawl Stone Soup version 0.29-a0-11-ga75d3d97ab (webtiles) character file.

Game seed: 8719567503562943555

305 Mgcat the Chopper (level 6, -1/43 HPs)
             Began as an Octopode Fighter on Jan 26, 2022.
             Was a Priest of Vehumet.
             Succumbed to a kobold brigand's poison
             ... on level 4 of the Dungeon on Jan 28, 2022.
             The game lasted 00:07:35 (3818 turns).

Mgcat the Chopper (Octopode Fighter)                Turns: 3818, Time: 00:07:36

Health: -1/43      AC:  1    Str: 17    XL:     6   Next: 39%
Magic:  5/5        EV: 13    Int: 11    God:    Vehumet [***...]
Gold:   134        SH:  5    Dex: 11    Spells: 4/5 levels left

rFire   . . .      SeeInvis .   a - +1 war axe
rCold   . . .      Faith    .   b - +1 buckler
rNeg    . . .      Spirit   .   (helmet restricted)
rPois   .          Reflect  .   (no amulet)
rElec   .          Harm     .   (no ring)
rCorr   .          Rampage  .   (no ring)
Will    .....                   (no ring)
Stlth   ++........              (no ring)
HPRegen 0.14/turn               (no ring)
MPRegen 0.09/turn               (no ring)
                                (no ring)
                                (no ring)

@: mighty, lethally poisoned (-1 -> -14)
A: almost no armour, amphibious, 8 rings, camouflage 1, gelatinous body 1,
(nimble swimmer 1), tentacles, tentacle spike 1, low mp 1
a: Renounce Religion


You were on level 4 of the Dungeon.
You worshipped Vehumet.
Vehumet was most pleased with you.
You visited 1 branch of the dungeon, and saw 4 of its levels.

You collected 222 gold pieces.
You spent 88 gold pieces at shops.

Inventory:

Hand Weapons
 a - a +1 war axe (weapon)
Missiles
 g - a throwing net {=f, !d}
Armour
 b - a +1 buckler (worn)
Scrolls
 d - a scroll of identify
 e - a scroll of fear
 f - a scroll of immolation {!r}


   Skills:
 + Level 4.0 Fighting
 * Level 4.5 Axes
 + Level 4.1 Dodging
 - Level 4.0 Shields


You had 4 spell levels left.
You knew the following spells:

 Your Spells              Type           Power      Damage    Failure   Level
a - Shock                 Conj/Air       0%         1d3       12%         1

Your spell library contained the following spells:

 Spells                   Type           Power      Damage    Failure   Level
 Dazzling Flash           Conj/Hex       0%         N/A       32%         3


Dungeon Overview and Level Annotations

Branches:
Dungeon (4/15)
 Temple: D:4-7

Altars:
Ru
Vehumet

Shops:
D:3 [   D:4 !


Innate Abilities, Weirdness & Mutations

You cannot wear most types of armour.
You are amphibious.
You can wear up to eight rings at the same time.
Your skin changes colour to match your surroundings (Stealth+).
Your rubbery body absorbs attacks. (AC +1, EV +1)
((You are camouflaged when in or above water. (Stealth+)))
You have tentacles for arms and can constrict up to eight enemies at once.
One of your tentacles bears a spike.
Your magical capacity is low. (-10% MP)


Message History

You see here a +0 dagger.
You see here 19 stones.
The kobold shouts!
You hear a shout! x2
A kobold comes into view. It is wielding a +0 short sword.
You hear a shout!
Saving game... please wait.
You hear the sound of rushing water.
There is an entrance to a sewer on this level.
Hurry and find it before the portal rusts away!
Options error: Bad object type '%}\|' for autopickup. (~/.crawlrc:1972) Welcome back, Mgcat the Octopode Fighter.
Vehumet says: Let it end in hellfire!
Press ? for a list of commands and other information.
Unknown command.
Unknown command.
Unknown command.
You start resting.
You hear the brisk rusting of a drain nearby.
You regained 2 hp, and now have 22/43 hp.
Unknown command. 2 kobolds come into view.
The kobold shouts!
You hear a shout! x5
A kobold comes into view.
It is wielding a +0 short sword and quivering poisoned darts.
The kobold shouts! x2; You hear a shout! x3
A kobold brigand comes into view.
It is wielding a +0 dagger of venom and quivering poisoned darts.
The kobold hits something with a +0 short sword.
A kobold comes into view. It is wielding a +0 dagger.
The kobold shouts!
A nearby plant withers and dies.
The kobold throws a stone.
The stone misses you.
The kobold hits the plant with a +0 club.
The plant begins to die.
The kobold hits the plant with a +0 short sword.
The kobold throws a stone.
The stone closely misses you.
You start resting.
A kobold is nearby!
The kobold throws a stone.
You block the stone.
Unknown command.
You closely miss the kobold. Your grab misses the kobold.
Your tentacle spike misses the kobold.
The kobold hits you but does no damage. You block the kobold's attack.
You hit the kobold.
You kill the kobold!
Vehumet accepts your kill.
You start resting.
You hear the quick rusting of a drain nearby.
You regained 4 hp, and now have 29/43 hp.
Things that are here:
a +0 short sword; 4 stones; a kobold corpse You hit the kobold.
You kill the kobold!
Vehumet accepts your kill.
You hit the kobold brigand. You grab the kobold brigand.
You pierce the kobold brigand.
The kobold brigand is lightly wounded.
You constrict the kobold brigand.
The kobold brigand hits you with a +0 dagger of venom.
You are poisoned.
You block the kobold brigand's attack.
You take 4 damage, and have 26/43 hp.
You completely miss the kobold brigand.
The kobold brigand is lightly wounded.
You constrict the kobold brigand.
You feel very sick.
The kobold brigand completely misses you.
You take 5 damage, and have 21/43 hp.
You barely miss the kobold brigand. You tentacle-slap the kobold brigand.
Your squeeze misses the kobold brigand.
The kobold brigand is moderately wounded.
You constrict the kobold brigand.
You feel very sick.
The kobold brigand hits you with a +0 dagger of venom!
* * * LOW HITPOINT WARNING * * *
You are lethally poisoned!
You take 10 damage, and have 11/43 hp.
MASSIVE DAMAGE!!
You feel very mighty all of a sudden.
You constrict the kobold brigand.
* * * LOW HITPOINT WARNING * * *
You feel very sick. You block the kobold brigand's attack.
You take 3 damage, and have 8/43 hp.
Unknown command.
Unknown command.
You slash the kobold brigand!
You pierce the kobold brigand.
You squeeze the kobold brigand.
You kill the kobold brigand!
Vehumet accepts your kill.
* * * LOW HITPOINT WARNING * * *
You feel very sick.
Training target 4.0 for Shields reached!
Your Fighting skill increases to level 4!
Your Shields skill increases to level 4!
You take 5 damage, and have 3/43 hp.
Unknown command.
Unknown command.
Unknown command.
You slash the kobold!
You kill the kobold!
Vehumet accepts your kill.
Vehumet offers you knowledge of Dazzling Flash.
You die...

. ### ♣♣ ...
##.♣♣♣.♣....
##########K♣.PKK.....
.......KK.K♣.KK..K...
######)#####♣♣K.....
#@# ..... #.# K...
#(# ... #.# P. #.# #
#.# #.# #.#######
#.......#


You could see 2 kobolds.

Vanquished Creatures
  A kobold brigand (D:4)
  Crazy Yiuf (D:2)
  Terence (D:2)
  6 adders
  A gnoll (D:1)
  2 adder skeletons
  A worm (D:4)
  2 dart slugs
  10 orcs
  3 ball pythons
  8 bats
  5 endoplasms
  3 giant cockroaches
  8 goblins
  5 hobgoblins
  6 jackals
  13 kobolds
  5 quokkas
  3 frilled lizards
  11 rats
95 creatures vanquished.

Vanquished Creatures (others)
  35 plants (D:4)
35 creatures vanquished.

Grand Total: 130 creatures vanquished

Notes
Turn   | Place    | Note
-------+----------+-------------------------------------------
     0 | D:1      | Mgcat the Octopode Fighter began the quest for the Orb.
     0 | D:1      | Reached XP level 1. HP: 16/16 MP: 1/1
   155 | D:1      | Found a faded altar of an unknown god.
   162 | D:1      | Reached XP level 2. HP: 21/21 MP: 2/2
   163 | D:1      | Prayed at the altar of an unknown god.
   163 | D:1      | Became a worshipper of Vehumet
   163 | D:1      | Reached * piety under Vehumet
   163 | D:1      | Offered knowledge of Shock by Vehumet.
   166 | D:1      | Learned a level 1 spell: Shock
   546 | D:1      | Reached XP level 3. HP: 26/26 MP: 3/3
  1414 | D:2      | Offered knowledge of Searing Ray by Vehumet.
  1435 | D:2      | Noticed Terence
  1462 | D:2      | Reached skill level 3 in Axes
  1498 | D:2      | Found a runed translucent door.
  1499 | D:2      | Noticed Crazy Yiuf
  1507 | D:2      | Killed Crazy Yiuf
  1507 | D:2      | Reached ** piety under Vehumet
  1508 | D:2      | Reached XP level 4. HP: 31/31 MP: 4/4
  1545 | D:2      | Killed Terence
  1547 | D:2      | HP: 6/31 [adder (2)]
  1548 | D:2      | HP: 2/31 [goblin (2)]
  1940 | D:2      | Reached XP level 5. HP: 35/36 MP: 5/5
  2490 | D:3      | Found a sacrificial altar of Ru.
  2884 | D:3      | Offered knowledge of Static Discharge by Vehumet.
  2889 | D:3      | Found Ahuminup's Armour Shoppe.
  2955 | D:3      | Upgraded the game from 0.29-a0-2-g12fcac58f8 to
                  | 0.29-a0-11-ga75d3d97ab
  3095 | D:3      | Reached skill level 4 in Axes
  3098 | D:3      | Reached *** piety under Vehumet
  3390 | D:4      | Noticed an orc warrior
  3657 | D:4      | Reached XP level 6. HP: 35/43 MP: 6/6
  3670 | D:4      | Found Raxtaicla's Distillery.
  3681 | D:4      | Reached skill level 4 in Dodging
  3695 | D:4      | Bought a potion of mutation for 88 gold pieces
  3695 | D:4      | Gained mutation: Your magical capacity is low. (-10% MP)
                  | [potion of mutation]
  3695 | D:4      | Gained mutation: One of your tentacles bears a spike.
                  | [potion of mutation]
  3816 | D:4      | HP: 8/43 [poisoned by a kobold brigand]
  3817 | D:4      | HP: 3/43 [poisoned by a kobold brigand]
  3818 | D:4      | Reached skill level 4 in Fighting
  3818 | D:4      | Reached skill level 4 in Shields
  3818 | D:4      | Offered knowledge of Dazzling Flash by Vehumet.
  3818 | D:4      | Succumbed to a kobold brigand's poison

Illustrated notes

Levels and vault maps discovered:
D:1:      nzn_arrival_water_spiral, layout_basic,
          hellmonk_ecumenical_altar_slurped_away, minmay_quantized
D:2:      layout_basic, minmay_circle_x, uniq_terence, uniq_crazy_yiuf_cottage
D:3:      layout_loops_ring, general_overflow_altar, serial_shops,
          nicolae_diamond_shop, chequers_arboretum, wad_orctagon
D:4:      kennysheep_kobold_camp, layout_rooms, serial_shops, shop,
          cheibrodos_sewer_entry_bend, serial_corexii_hall,
          chequers_hall_statues_corner_a, corexii_hall_statues_l,
          corexii_hall_statues_x, corexii_hall_statues_l

Skill      XL: |  1  2  3  4  5  6 |
---------------+-------------------+-----
Axes           | 3 4 |  4.5
Dodging        | 4 |  4.1
Fighting       | 4 |  4.0
Shields        | 4 |  4.0

Action                   |  1- 3 |  4- 6 || total
-------------------------+-------+-------++-------
Melee: War axe           |    56 |   109 ||   165
       Constrict         |    17 |    34 ||    51
       Tentacles         |    12 |    20 ||    32
       Punch             |       |     2 ||     2
       Kick              |       |     2 ||     2
  Use: Potion            |       |     3 ||     3
       Scroll            |       |     6 ||     6
 Stab: Sleeping          |    10 |     4 ||    14
Armor: Skin              |     5 |     3 ||     8
Dodge: Dodged            |    29 |    79 ||   108
Block: Buckler           |    18 |    26 ||    44

Table legend: (Time is in decaauts)
 A = Elapsed time spent in this place.
 B = Non-inter-level travel time spent in this place.
 C = Inter-level travel time spent in this place.
 D = Time resting spent in this place.
 E = Time spent auto-exploring this place.
 F = Levels seen in this place.
 G = Mean time per level.
                   A        B        C        D        E       F      G
               +--------+--------+--------+--------+--------+-----+--------+
         Total |   3859 |   3701 |    158 |    831 |   2092 |   4 |  964.8 |
       Dungeon |   3859 |   3701 |    158 |    831 |   2092 |   4 |  964.8 |
               +--------+--------+--------+--------+--------+-----+--------+

Top non-repeatable levels by time:
     D:1: 1428 daAuts
     D:3: 1110 daAuts
     D:2: 898 daAuts
     D:4: 421 daAuts

Table legend:
 A = Kills in this place as a percentage of kills in entire the game.
 B = Kills by you in this place as a percentage of kills by you in the entire game.
 C = Kills by friends in this place as a percentage of kills by friends in the entire game.
 D = Other kills in this place as a percentage of other kills in the entire game.
 E = Experience gained in this place as a percentage of experience gained in the entire game.
 F = Experience gained in this place divided by the number of levels of this place that you have seen.
                   A       B       C       D       E      F
               +-------+-------+-------+-------+-------+----------------------
         Total | 100.0 | 100.0 |   N/A |   N/A | 100.0 | 109.8
       Dungeon | 100.0 | 100.0 |   N/A |   N/A | 100.0 | 109.8
               +-------+-------+-------+-------+-------+----------------------
